Map: [ESL] Stargazers

Players

DPGDark (Dark) - Winner!

  • Race: Zerg Zerg
  • League: Master
  • Spawn Location: 11:00

Maru

  • Race: Terran Terran
  • League: Master
  • Spawn Location: 1:00

VOD

Have the link to the VOD?

Description

Time

  • Played on: Nov. 6, 2022, 9:29 a.m.
  • Length: 18:57
Show
View Real Time Build Order
Export as new Build Order

DPGDark Zerg - Winner!

Build Orders: Hatch First 

Get SALT Encoding   

  12  0:00  Drone  
  13  0:12  Overlord  
  13  0:17  Drone  
  14  0:32  Drone x2  
  16  0:48  Hatchery  
  15  0:51  Drone  
  15  0:56  Drone  
  17  0:59  Drone  
  18  1:13  Spawning Pool  
  18  1:18  Drone  
  18  1:21  Drone  
  19  1:28  Drone  
  20  1:44  Drone  
  21  1:48  Hatchery  
  20  2:01  Zergling x2, Queen  
  20  2:05  Drone  
  20  2:06  Drone  
  25  2:13  Queen  
  27  2:18  Overlord  
  27  2:22  Drone  
  28  2:36  Drone x4  
  32  2:37  Queen  
  34  2:44  Overlord  
  34  2:49  Queen  
  35  2:59  Overlord  
  35  3:00  Queen  
  35  3:01  Drone  
  38  3:09  Drone x4  
  42  3:15  Queen  
  44  3:21  Drone x2  
  44  3:22  Drone x2  
  48  3:31  Zergling x6  
  48  3:32  Spore Crawler  
  50  3:35  Zergling x2  
  50  3:36  Zergling x4  
  53  3:43  Zergling x4  
  53  3:46  Queen  
  53  3:47  Overlord  
  57  3:49  Drone  
  57  3:53  Overlord  
  58  4:04  Overlord  
  58  4:06  Drone x7  
  65  4:10  Drone  
  65  4:11  Drone x2  
  65  4:14  Drone  
  69  4:18  Drone x2, Extractor  
  69  4:20  Extractor  
  69  4:24  Queen x2  
  69  4:25  Drone  
  74  4:34  Overlord  
  74  4:36  Overlord  
  74  4:37  Overlord  
  74  4:41  Spore Crawler  
  74  4:42  Spore Crawler  
  74  4:45  Overlord  
  72  4:47  Drone x2  
  74  4:54  Drone x6  
  74  4:56  Drone  
  74  4:57  Drone  
  82  5:03  Hatchery  
  81  5:10  Drone x5  
  81  5:11  Metabolic Boost  
  81  5:12  Extractor x3  
  83  5:21  Drone x6  
  86  5:23  Drone x2  
  86  5:26  Lair  
  91  5:29  Drone x2  
  93  5:39  Hatchery  
  93  5:40  Evolution Chamber  
  93  5:42  Drone x3, Evolution Chamber  
  93  5:52  Hatchery  
  92  5:58  Drone x6  
  92  6:03  Overlord x2  
  98  6:04  Spore Crawler  
  98  6:09  Overlord  
  97  6:15  Zergling x14  
  104  6:19  Zerg Ground Armor Level 1, Zerg Melee Weapons Level 1  
  104  6:25  Drone x2  
  106  6:26  Spore Crawler  
  106  6:27  Drone x3  
  106  6:31  Zergling x2, Baneling Nest  
  107  6:40  Drone x2  
  107  6:42  Zergling x18, Infestation Pit  
  117  6:48  Zergling x4  
  117  6:53  Drone  
  120  6:55  Overlord  
  120  6:56  Zergling x8  
  124  7:01  Zergling x10  
  124  7:02  Zergling x4  
  124  7:07  Zergling x16  
  135  7:23  Drone x2  
  135  7:24  Centrifugal Hooks  
  135  7:25  Spore Crawler, Hive  
  135  7:26  Spore Crawler  
  135  7:31  Overlord  
  135  7:32  Zergling x10  
  135  7:35  Baneling x3  
  135  7:36  Baneling x7  
  140  7:37  Overlord  
  140  7:41  Overlord  
  140  7:42  Hatchery, Overlord x2  
  139  7:46  Overlord x2  
  138  7:52  Zergling x2  
  138  7:53  Zergling x16  
  146  7:59  Zergling x18  
  146  8:04  Zergling x12  
  160  8:11  Zergling x8  
  160  8:12  Zergling x8  
  168  8:20  Zergling x18  
  177  8:27  Baneling x4  
  177  8:28  Baneling x14  
  177  8:31  Baneling  
  177  8:37  Zergling x12  
  177  8:39  Zergling x10  
  179  8:41  Baneling x2  
  179  8:43  Baneling x2  
  179  8:46  Adrenal Glands  
  179  8:49  Zergling x2  
  179  8:50  Zergling x8, Baneling x2  
  179  8:51  Baneling x3  
  179  8:52  Baneling  
  184  8:57  Zergling x8  
  165  9:12  Zergling x2  
  165  9:13  Zergling x20  
  165  9:14  Zergling x12  
  152  9:17  Zergling x6  
  152  9:22  Zerg Melee Weapons Level 2, Zerg Ground Armor Level 2  
  137  9:32  Viper x3  
  139  9:39  Drone x9  
  139  9:43  Ultralisk Cavern  
  145  9:46  Drone  
  145  9:49  Zergling x14  
  153  9:55  Baneling, Pneumatized Carapace  
  153  9:56  Burrow  
  153  9:58  Zergling x12  
  153  9:59  Baneling  
  157  10:00  Baneling  
  157  10:05  Zergling x12  
  159  10:13  Zergling x20  
  168  10:17  Baneling x3  
  168  10:22  Zergling x20  
  168  10:27  Hatchery  
  175  10:38  Zergling x18  
  173  10:45  Zergling x16  
  178  10:55  Zergling x24  
  178  10:56  Baneling x4  
  178  10:57  Baneling  
  184  11:09  Zergling x22  
  178  11:13  Zergling x6  
  178  11:14  Zergling x2  
  178  11:15  Drone  
  178  11:16  Overseer x2  
  178  11:18  Zergling x2  
  184  11:19  Baneling x8  
  174  11:37  Zergling x34  
  162  11:44  Ultralisk  
  162  11:45  Zergling x6  
  157  11:49  Zergling x6  
  157  11:50  Baneling x3  
  157  11:51  Baneling x10  
  157  11:53  Zergling x2  
  157  11:54  Zergling x2  
  153  11:58  Zergling x6  
  156  12:02  Baneling x2  
  156  12:04  Baneling  
  156  12:05  Baneling x2  
  156  12:09  Zergling x2  
  143  12:22  Zergling x24  
  137  12:23  Zergling x8  
  137  12:29  Hatchery, Chitinous Plating  
  139  12:30  Zerg Melee Weapons Level 3  
  139  12:31  Zerg Ground Armor Level 3  
  139  12:33  Drone x2  
  139  12:35  Zergling x2, Baneling x3  
  139  12:36  Zergling x2  
  143  12:39  Zergling x4  
  143  12:41  Zergling x2  
  143  12:43  Zergling x4  
  147  12:47  Overseer  
  145  12:52  Zergling x20  
  145  12:55  Zergling x2  
  145  12:56  Zergling x6  
  144  13:05  Zergling x4  
  144  13:06  Zergling x4  
  140  13:13  Zergling x12  
  140  13:14  Zergling x4, Baneling x4  
  140  13:17  Zergling x8  
  150  13:23  Zergling x6  
  150  13:24  Baneling x4  
  150  13:25  Zergling x2  
  150  13:28  Zergling x2  
  150  13:29  Zergling x4  
  150  13:32  Ultralisk x2  
  165  13:34  Ultralisk  
  165  13:36  Zergling x2  
  165  13:37  Baneling x3  
  165  13:38  Baneling  
  172  13:47  Anabolic Synthesis  
  172  13:48  Baneling  
  172  13:49  Zergling x2, Baneling x4  
  172  13:50  Zergling x18, Overseer x2  
  183  13:55  Zergling x4  
  183  13:58  Drone x2  
  183  13:59  Spore Crawler  
  183  14:02  Hatchery  
  184  14:03  Overlord  
  183  14:11  Zergling x4  
  183  14:12  Overlord x3  
  185  14:23  Ultralisk  
  191  14:27  Overlord x3  
  191  14:29  Baneling x4  
  186  14:32  Zergling x16  
  186  14:33  Overlord  
  181  14:44  Zergling x12  
  181  14:45  Zergling x26  
  172  14:49  Zergling x4  
  148  14:54  Ultralisk  
  148  14:56  Zergling x8  
  153  15:06  Zergling x6  
  153  15:07  Zergling x8  
  157  15:12  Baneling x3, Overseer x2  
  159  15:16  Baneling x9  
  159  15:19  Overseer  
  159  15:24  Baneling x2  
  159  15:25  Zergling x4  
  159  15:26  Zergling x8  
  147  15:36  Zergling x14  
  144  15:43  Zergling x30  
  159  15:54  Zergling x18  
  159  15:58  Overseer  
  159  16:03  Zergling x10  
  151  16:05  Ultralisk x2  
  158  16:16  Zergling x2, Ultralisk x2  
  158  16:17  Zergling x8  
  154  16:19  Baneling x3  
  154  16:22  Zergling x14  
  159  16:28  Drone  
  159  16:30  Spore Crawler  
  159  16:31  Zergling x10  
  164  16:33  Baneling x2  
  164  16:34  Ultralisk  
  164  16:35  Zergling x6  
  164  16:39  Zergling x2  
  174  16:46  Baneling x5  
  174  16:48  Ultralisk  
  174  16:52  Baneling  
  179  16:58  Zergling x2  
  179  16:59  Zergling x2  
  179  17:00  Zergling x26  
  188  17:09  Zergling x16  
  195  17:18  Zergling x10  
  200  17:29  Zergling x2  
  200  17:31  Baneling x5  
  200  17:32  Baneling x2  
  200  17:34  Baneling x2  
  200  17:35  Baneling x4  
  200  17:36  Baneling  
  200  17:49  Zergling x12  
  199  17:59  Zergling x4  
  190  18:07  Zergling x12  
  181  18:17  Zergling x8  
  181  18:18  Zergling x10, Overlord x3  
  173  18:21  Zergling x24  
  166  18:31  Zergling x6  
  152  18:35  Zergling x2  
  152  18:36  Zergling x2  
  159  18:44  Hatchery  
Show
View Real Time Build Order
Export as new Build Order

Maru Terran 

Build Orders: Liberator Opening 

Get SALT Encoding   

  12  0:00  SCV  
  13  0:12  SCV  
  14  0:16  Supply Depot  
  14  0:24  SCV  
  15  0:38  SCV  
  15  0:41  Barracks  
  16  0:45  Refinery  
  16  0:50  SCV  
  17  1:02  SCV  
  18  1:14  SCV  
  19  1:28  Orbital Command, Marine  
  20  1:38  Command Center  
  20  1:47  Factory  
  20  1:54  SCV  
  21  2:00  Supply Depot  
  21  2:05  Barracks Reactor  
  21  2:06  SCV  
  22  2:10  Refinery  
  22  2:18  SCV  
  23  2:30  SCV  
  23  2:31  Hellion  
  26  2:41  Starport  
  26  2:42  Marine x2  
  26  2:43  SCV  
  29  2:50  Orbital Command  
  29  2:58  Hellion  
  31  3:00  SCV, Marine x2  
  34  3:09  Supply Depot  
  34  3:12  SCV  
  35  3:16  SCV, Medivac  
  38  3:20  Hellion  
  38  3:22  Marine  
  38  3:23  Marine  
  43  3:27  SCV  
  43  3:28  SCV  
  43  3:32  Supply Depot  
  44  3:40  SCV x2  
  46  3:46  Liberator  
  49  3:52  SCV x2  
  51  3:56  Barracks Tech Lab  
  51  4:01  Command Center  
  51  4:04  SCV  
  51  4:06  SCV  
  53  4:15  Stimpack, Marine  
  53  4:16  SCV  
  53  4:18  SCV  
  54  4:28  SCV  
  54  4:31  SCV, Barracks  
  56  4:33  Factory Reactor  
  55  4:40  SCV  
  55  4:41  Barracks  
  55  4:43  Engineering Bay x2, SCV  
  57  4:53  SCV  
  57  4:55  SCV  
  57  4:56  Marine  
  57  4:59  Starport Reactor  
  60  5:04  Supply Depot  
  60  5:05  SCV  
  61  5:07  SCV  
  62  5:14  Terran Infantry Armor Level 1, Terran Infantry Weapons Level 1, Marine  
  62  5:15  Barracks  
  62  5:16  Barracks, Orbital Command  
  62  5:17  SCV  
  62  5:19  SCV  
  65  5:22  Refinery x2  
  65  5:24  Marine x2  
  65  5:26  Factory Tech Lab  
  67  5:29  SCV  
  67  5:30  Supply Depot, Orbital Command  
  67  5:31  SCV  
  67  5:32  Supply Depot, Marine  
  70  5:41  SCV, Marine x2  
  70  5:42  Marine  
  74  5:43  SCV, Medivac x2  
  79  5:53  SCV  
  79  5:55  SCV  
  79  5:56  SCV  
  82  5:58  Combat Shield  
  82  6:01  Siege Tank  
  82  6:04  Marine x3  
  85  6:05  SCV  
  85  6:07  SCV  
  85  6:08  SCV  
  85  6:09  Barracks Reactor  
  85  6:10  Barracks Reactor  
  91  6:17  Supply Depot, SCV  
  92  6:19  SCV  
  92  6:20  SCV, Medivac  
  92  6:21  Marine x2  
  92  6:24  Supply Depot  
  92  6:25  Supply Depot  
  98  6:29  SCV  
  98  6:32  SCV x2  
  101  6:39  Marine x5  
  106  6:41  SCV  
  106  6:42  Armory  
  106  6:46  Supply Depot, Siege Tank  
  110  6:47  Supply Depot, Refinery  
  110  6:50  Marine x2  
  110  6:53  SCV x2  
  114  6:54  Refinery  
  114  7:04  Command Center  
  114  7:05  Medivac  
  114  7:07  Marine  
  114  7:08  Marine x3  
  120  7:17  Marine x4  
  122  7:23  Marine  
  122  7:25  SCV x2  
  122  7:26  SCV  
  122  7:29  Siege Tank  
  129  7:30  Medivac  
  129  7:32  Marine x2  
  129  7:33  Marine x2  
  129  7:35  Marine  
  136  7:37  SCV x2  
  136  7:39  Factory  
  136  7:42  Terran Infantry Weapons Level 2  
  138  7:51  Marine x2  
  138  7:52  SCV  
  141  8:07  Supply Depot, Barracks x3  
  141  8:15  Siege Tank, Marine x5  
  141  8:17  Medivac x2, Marine  
  154  8:21  Marine  
  154  8:22  Marine  
  156  8:28  Marine  
  156  8:33  Marine x2, Factory Reactor  
  159  8:36  SCV  
  160  8:43  SCV  
  160  8:44  Supply Depot, SCV, Marine x2  
  160  8:45  Supply Depot x3  
  160  8:46  Terran Vehicle Weapons Level 1  
  164  8:56  Barracks Tech Lab  
  164  8:57  Barracks Tech Lab x2  
  164  9:06  SCV x2  
  164  9:07  Marine x2  
  155  9:13  Siege Tank, Marine  
  155  9:15  SCV, Widow Mine x2  
  155  9:16  Marine x2  
  142  9:17  Marine  
  142  9:18  SCV x2  
  142  9:20  Marine  
  131  9:25  Planetary Fortress  
  131  9:27  SCV  
  131  9:30  SCV x2  
  131  9:34  Marine  
  131  9:39  Widow Mine x2  
  131  9:40  SCV  
  131  9:42  SCV x2  
  141  9:45  Siege Tank, Marine x2  
  141  9:46  Marauder, Marine  
  141  9:52  SCV  
  147  9:53  Supply Depot  
  147  9:54  SCV x2  
  147  9:57  Liberator x2  
  155  10:03  SCV  
  155  10:04  SCV, Marine x2  
  155  10:05  Marauder  
  155  10:06  SCV  
  155  10:07  SCV  
  163  10:10  Engineering Bay  
  162  10:15  SCV  
  162  10:16  SCV  
  162  10:18  SCV  
  162  10:19  SCV  
  166  10:27  Marauder x3  
  166  10:28  Concussive Shells  
  172  10:29  Widow Mine x2  
  172  10:34  Orbital Command  
  172  10:35  Supply Depot  
  176  10:38  SCV  
  176  10:39  SCV x2  
  156  10:45  Marine x2  
  157  10:51  SCV x3  
  157  10:53  Engineering Bay, Armory  
  157  10:54  Engineering Bay  
  157  10:58  Marine  
  157  10:59  Marauder x3, Marine x2  
  157  11:01  SCV  
  157  11:03  SCV x3  
  169  11:08  Widow Mine  
  159  11:13  SCV, Widow Mine  
  159  11:15  SCV x3  
  165  11:20  Supply Depot, Widow Mine  
  165  11:25  SCV  
  168  11:27  SCV x3  
  168  11:31  Widow Mine  
  172  11:37  SCV  
  172  11:39  Marauder x2, Marine x3  
  151  11:40  Marauder  
  137  11:48  Marauder, Marine x5  
  137  11:49  SCV  
  137  11:51  Medivac x2  
  140  11:58  Marine  
  140  11:59  Widow Mine  
  140  12:01  Widow Mine, Marauder x3  
  151  12:04  Widow Mine, Drilling Claws  
  153  12:13  Marine  
  153  12:14  Marine x7  
  149  12:17  SCV x3  
  149  12:20  Marine  
  149  12:22  SCV, Marauder  
  137  12:25  Widow Mine  
  137  12:29  SCV x2  
  141  12:30  Terran Infantry Armor Level 2  
  141  12:33  Widow Mine  
  141  12:35  Medivac  
  145  12:40  Terran Infantry Weapons Level 3  
  145  12:42  Marine x3  
  145  12:43  Marauder  
  150  12:47  Widow Mine x2  
  150  12:50  SCV x3  
  156  12:52  Marine x2  
  156  12:53  Marauder x2  
  156  12:54  Widow Mine, Marine x2  
  156  12:58  Supply Depot  
  159  13:02  SCV  
  160  13:12  Marine x2  
  153  13:13  Marauder x2  
  153  13:17  Marine x3  
  153  13:18  Marauder x2, Marine  
  153  13:19  Marine x2  
  165  13:21  Widow Mine x3  
  165  13:26  Supply Depot  
  171  13:31  Orbital Command  
  171  13:34  Ghost Academy  
  171  13:41  Missile Turret  
  171  13:42  Supply Depot, Missile Turret x2  
  171  13:48  Marauder x4  
  179  13:57  SCV  
  179  14:02  Supply Depot, Widow Mine x3  
  186  14:05  Command Center  
  186  14:08  Ghost x3  
  192  14:17  Ghost  
  192  14:23  Widow Mine x2  
  197  14:24  Widow Mine  
  190  14:37  Ghost  
  184  14:45  Widow Mine x2  
  146  14:48  Widow Mine  
  146  14:49  Marine x3  
  146  14:50  Marauder x3  
  113  14:53  SCV x4  
  113  14:54  Marine x2  
  113  15:01  Medivac  
  113  15:05  SCV x2, Medivac  
  113  15:06  Widow Mine, Marauder  
  123  15:07  SCV  
  123  15:10  Ghost x2  
  123  15:12  Marauder, Marine  
  131  15:19  Marine x2  
  133  15:28  Marauder  
  135  15:33  Personal Cloaking  
  120  15:36  Marine  
  120  15:37  Marauder, Marine  
  120  15:39  Marauder  
  120  15:40  Marauder, Marine x2  
  120  15:42  Marine x3  
  127  15:46  SCV x2  
  127  15:47  SCV  
  127  15:49  Marauder  
  130  15:53  Orbital Command  
  108  16:08  Ghost  
  108  16:09  Marine  
  100  16:15  Orbital Command  
  94  16:18  SCV x3  
  94  16:19  SCV  
  94  16:24  Marine  
  94  16:25  Marauder  
  100  16:29  Widow Mine  
  102  16:33  SCV x2  
  102  16:34  SCV  
  102  16:38  Widow Mine  
  107  16:40  Marine x2  
  107  16:44  Medivac  
  111  16:52  SCV x2  
  113  16:55  Widow Mine x2  
  117  17:02  Widow Mine  
  117  17:04  Medivac  
  117  17:07  Marine  
  117  17:08  Marauder, Marine  
  125  17:10  SCV  
  125  17:13  Ghost  
  128  17:16  Widow Mine  
  128  17:18  SCV  
  128  17:20  SCV  
  128  17:21  SCV x2  
  134  17:28  Widow Mine  
  134  17:29  Widow Mine  
  138  17:30  SCV  
  138  17:31  SCV  
  138  17:32  SCV  
  138  17:34  SCV  
  142  17:42  Ghost  
  144  17:48  SCV x3  
  145  17:53  Missile Turret  
  142  18:00  Ghost  
  135  18:11  Orbital Command  
  76  18:24  Marine  
  76  18:25  Marauder x3, Marine x4  
  58  18:30  Marauder  
  58  18:31  Marine  
Tags
 
Add a new tag
Caveats
  • Supply blocks, unpowered buildings, or Contaminate may cause inaccurate times.
  • Supply counts are checked every 10 seconds.